 Dungeon Crawl Stone Soup version 0.19.0-19-g8c6edcc (webtiles) character file.

5791 Aksej the Carver (level 10, -2/77 HPs)
             Began as a Demonspawn Fighter on Nov 14, 2016.
             Was a High Priest of Makhleb.
             Slain by Gastronok (23 damage)
             ... on level 8 of the Dungeon.
             The game lasted 00:33:07 (8197 turns).

Aksej the Carver (Demonspawn Fighter)               Turns: 8197, Time: 00:33:08

Health: -2/77      AC: 26    Str: 22    XL:     10   Next: 50%
Magic:  10/10      EV: 18    Int: 10    God:    Makhleb [*****.]
Gold:   304        SH:  0    Dex: 22    Spells: 0 memorised, 9 levels left

rFire  . . .     SeeInvis .     a - +0 long sword
rCold  + . .     Gourm    .     b - +1 scale mail
rNeg   . . .     Faith    +     (no shield)
rPois  +         Spirit   .     G - +2 hat
rElec  .         Reflect  .     (no cloak)
rCorr  .         Harm     .     v - +2 pair of gloves "Keodoaqu" {rPois Regen+ Dex+2 Stlth-}
MR     .....                    y - +2 pair of boots of Shielding {rPois Stlth+}
Stlth  ++........               s - amulet of faith
                                (no ring)
                                g - ring of protection from cold

@: mighty, agile, sanguine armour, slowed, very slow
A: claws 2, hooves 1, demonic guardian 1, rot immunity, MP-powered wands,
sanguine armour 2
a: Minor Destruction, Lesser Servant of Makhleb, Major Destruction, Greater
Servant of Makhleb, Renounce Religion


You were on level 8 of the Dungeon.
You worshipped Makhleb.
Makhleb was extremely pleased with you.
You were hungry.

You visited 1 branch of the dungeon, and saw 9 of its levels.

You collected 376 gold pieces.
You spent 72 gold pieces at shops.

Inventory:

Hand Weapons
 a - a +0 long sword (weapon)
Missiles
 H - 4 tomahawks of returning (quivered)
Armour
 b - a +1 scale mail (worn)
 v - the +2 pair of gloves "Keodoaqu" (worn) {rPois Regen+ Dex+2 Stlth-}
   (You found it on level 4 of the Dungeon)

   It affects your dexterity (+2).
   It protects you from poison.
   It increases your rate of regeneration.
   It makes you less stealthy.
 y - the +2 pair of boots of Shielding (worn) {rPois Stlth+}
   (You found it on level 7 of the Dungeon)

   It protects you from poison.
   It makes you more stealthy.
 G - a +2 hat (worn)
Jewellery
 g - a ring of protection from cold (left hand)
 s - an amulet of faith (around neck)
Wands
 l - a wand of enslavement (11/24)
 F - a wand of heal wounds (3/9)
 J - a wand of heal wounds (3/9)
Scrolls
 i - 4 scrolls of recharging
 j - 2 scrolls of magic mapping
 n - 4 scrolls of remove curse
 u - 4 scrolls of enchant armour
 x - a scroll of fog
 B - a scroll of blinking
 C - a scroll of summoning
 D - 4 scrolls of teleportation
Potions
 e - 3 potions of haste
 h - a potion of flight
 k - 2 potions of agility
 o - 2 potions of curing
 z - 2 potions of lignification
 E - 2 potions of resistance
Comestibles
 c - 3 meat rations
 f - 9 bread rations
 m - 2 slices of pizza
 t - 2 chunks of flesh
 w - 3 royal jellies
 A - a beef jerky
 I - 3 fruits


   Skills:
 + Level 6.8 Fighting
 * Level 11.3 Long Blades
 + Level 0.3 Throwing
 + Level 6.2 Armour
 + Level 3.6 Dodging
 + Level 1.8 Stealth
   Level 2.6 Shields


You had 9 spell levels left.
You didn't know any spells.

Dungeon Overview and Level Annotations

Branches:
Dungeon (9/15)             Temple (0/1) D:6
   Lair: D:8-11         Orc: D:9-12

Altars:
Hepliaklqana
Makhleb
Qazlal
Ru
Sif Muna
Trog

Shops:
D:4 ?   D:7 (

Annotations:
D:8 Gastronok


Innate Abilities, Weirdness & Mutations

You have very sharp fingernails.
A weak demonic guardian rushes to your aid.
You are immune to rotting.
When seriously injured, your bleeding wounds create thick armour. (AC +9)
You have large cloven feet.
You expend magic power (3 MP) to strengthen your wands.


Message History

You slash Gastronok!
Gastronok is severely wounded.
Your quasit bites Gastronok.
Your quasit claws Gastronok but does no damage.
Your quasit completely misses Gastronok.
Gastronok bites your quasit!!
Your quasit dies!
Gastronok gurgles horribly!
You slash Gastronok!
Gastronok is severely wounded.
You hit Gastronok but do no damage.
Gastronok is severely wounded.
Gastronok gurgles, "Slow down, so I can eat you."
Gastronok bites you.
* * * LOW HITPOINT WARNING * * *
Unknown command.
You hit Gastronok.
Gastronok is severely wounded.
Your iron imp hits Gastronok.
Gastronok bites you!!
You die...

#..## #.# #####..)### #.# ....###
#.# #......)..# #.# ......####'##
#.####.##.# #.# ..P.P..##...###.#
#.##.# #.# ..P_P..#.....##.#
##.##.# ##.# ..............#.#
#..##.# #...
.......#######################.#.
.....+.#.P.P.P.Pw..........#.....
..##.#.#.......5@#.........####.#
..##.###.........#.........# #.#
.....###..P.P.P.P#.........# #.#
......##)##############(#########
#.###.##§.r..... #.)..#...># #.#
#.##r.5..... #..⌠.#....#
#.###.##w....... #.⌠..#....#
#......#........ #....'....#
#####..#........ ###########


You could see Gastronok and a friendly iron imp.

Vanquished Creatures
  3 hippogriffs (D:8)
  A spriggan (D:7)
  Sigmund (D:5)
  4 yaks (D:9)
  A hungry ghost (D:8)
  2 sky beasts (D:8)
  An ice beast (D:6)
  2 phantoms
  3 black bears
  2 orc warriors
  4 ogres
  A necrophage (D:9)
  An eye of draining (D:9)
  7 bullfrogs
  A gnoll sergeant (D:7)
  A water moccasin zombie (D:7)
  A scorpion (D:7)
  A wight (D:8)
  6 killer bees (D:7)
  4 crimson imps
  2 centaur zombies (D:5)
  2 bullfrog zombies
  5 orc priests
  5 orc wizards
  3 bullfrog skeletons
  4 hounds
  A centaur skeleton (D:3)
  8 worker ants
  Natasha (twice) (D:3)
  A killer bee zombie (D:8)
  2 hound zombies (D:5)
  A hound skeleton (D:4)
  Robin (D:3)
  A howler monkey skeleton (D:8)
  12 gnolls
  5 adders
  2 shadow imps
  6 oozes
  2 adder skeletons (D:5)
  3 adder zombies
  A worm (D:3)
  3 dart slugs
  5 leopard geckos
  29 orcs
  4 bats (D:1)
  7 giant cockroaches
  12 hobgoblins
  14 jackals
  2 quokkas
  2 ball pythons
  5 frilled lizards
  A giant cockroach zombie (D:5)
  16 goblins
  A jackal zombie (D:5)
  11 kobolds
  3 leopard gecko zombies
  10 rats
241 creatures vanquished.

Vanquished Creatures (collateral kills)
  Pikel (D:5)
  A hippogriff (D:9)
  A slave (D:5)
  Blork the orc (D:6)
  2 bullfrogs
  A jelly (D:8)
  A quasit (D:5)
  A bullfrog skeleton (D:5)
  A worker ant (D:8)
  A gnoll (D:7)
  A howler monkey skeleton (D:5)
  A shadow imp (D:8)
  2 orcs
  A goblin (D:3)
16 creatures vanquished.

Vanquished Creatures (others)
  A wyvern zombie (D:8)
  A crimson imp (D:5)
  A giant cockroach (D:5)
3 creatures vanquished.

Grand Total: 260 creatures vanquished

Notes
Turn   | Place    | Note
-------+----------+-------------------------------------------
     0 | D:1      | Aksej the Demonspawn Fighter began the quest for the Orb.
     0 | D:1      | Reached XP level 1. HP: 18/18 MP: 1/1
   136 | D:1      | Reached skill level 2 in Long Blades
   160 | D:1      | Gained mutation: You have sharp fingernails. [demonic ancestry]
   160 | D:1      | Reached XP level 2. HP: 13/24 MP: 2/2
   617 | D:1      | Reached XP level 3. HP: 22/29 MP: 3/3
  1207 | D:2      | Found a burning altar of Makhleb.
  1207 | D:2      | Noticed a cacodemon
  1211 | D:2      | Noticed an orange demon
  1211 | D:2      | Noticed a hellwing
  1213 | D:2      | Became a worshipper of Makhleb the Destroyer
  1479 | D:2      | Gained mutation: You have very sharp fingernails. [demonic ancestry]
  1479 | D:2      | Reached XP level 4. HP: 5/35 MP: 4/4
  1483 | D:2      | Reached skill level 3 in Long Blades
  1969 | D:2      | Reached skill level 1 in Dodging
  1986 | D:2      | Found a sacrificial altar of Ru.
  2184 | D:3      | Gained mutation: When seriously injured, your bleeding wounds create armour. (AC +9) [demonic ancestry]
  2184 | D:3      | Reached XP level 5. HP: 6/42 MP: 5/5
  2547 | D:3      | Reached skill level 4 in Long Blades
  2551 | D:3      | Reached * piety under Makhleb
  2614 | D:3      | Noticed Natasha
  2621 | D:3      | Killed Natasha
  2664 | D:3      | Gained mutation: A weak demonic guardian rushes to your aid. [demonic ancestry]
  2664 | D:3      | Reached XP level 6. HP: 37/48 MP: 6/6
  2846 | D:3      | Noticed Robin
  2879 | D:3      | Noticed Natasha
  2882 | D:3      | Killed Robin
  2896 | D:3      | Killed Natasha
  2928 | D:3      | Reached ** piety under Makhleb
  2940 | D:3      | Gained mutation: You have large cloven feet. [potion of mutation]
  2940 | D:3      | Gained mutation: You are resistant to electric shocks. (rElec) [potion of mutation]
  2940 | D:3      | Gained mutation: You are clumsy. (Dex -2) [potion of mutation]
  3043 | D:4      | Found a hazy altar of Hepliaklqana.
  3058 | D:4      | Reached skill level 5 in Long Blades
  3276 | D:4      | Got a pair of warped gloves
  3287 | D:4      | Identified the +2 pair of gloves "Keodoaqu" {rPois Regen+ Dex+2 Stlth-} (You found it on level 4 of the Dungeon)
  3374 | D:4      | Found a stormy altar of Qazlal.
  3466 | D:4      | Gained mutation: You are immune to rotting. [demonic ancestry]
  3466 | D:4      | Reached XP level 7. HP: 53/54 MP: 7/7
  3596 | D:4      | Found Diphia's Magic Scroll Boutique.
  3627 | D:4      | Bought a scroll of identify for 24 gold pieces
  3627 | D:4      | Bought a scroll of identify for 24 gold pieces
  3627 | D:4      | Bought a scroll of identify for 24 gold pieces
  3936 | D:4      | Reached skill level 6 in Long Blades
  4015 | D:5      | Entered Level 5 of the Dungeon
  4195 | D:5      | Reached *** piety under Makhleb
  4338 | D:5      | Noticed Pikel
  4381 | D:5      | Killed Pikel
  4381 | D:5      | Reached skill level 7 in Long Blades
  4381 | D:5      | Reached XP level 8. HP: 61/61 MP: 8/8
  4444 | D:5      | Got a faintly glowing ring mail
  4445 | D:5      | Identified the cursed +1 ring mail of the Many Blessings {Regen+ Int+2} (You found it on level 5 of the Dungeon)
  4674 | D:5      | Reached skill level 5 in Fighting
  4781 | D:5      | Noticed Sigmund
  4796 | D:5      | Killed Sigmund
  4796 | D:5      | Reached skill level 8 in Long Blades
  4812 | D:5      | Found a deep blue altar of Sif Muna.
  5103 | D:6      | Noticed Blork the orc
  5112 | D:6      | Killed Blork the orc
  5383 | D:6      | Reached skill level 1 in Stealth
  5517 | D:6      | Found a staircase to the Ecumenical Temple.
  5824 | D:7      | Reached XP level 9. HP: 62/68 MP: 9/9
  5985 | D:7      | Reached **** piety under Makhleb
  5985 | D:7      | Reached skill level 9 in Long Blades
  6016 | D:7      | Reached skill level 5 in Armour
  6034 | D:7      | Got a pair of faintly humming boots
  6054 | D:7      | Identified the +2 pair of boots of Shielding {rPois Stlth+} (You found it on level 7 of the Dungeon)
  6416 | D:7      | Found Suligro's Weapon Shoppe.
  6518 | D:8      | Found a bloodstained altar of Trog.
  6702 | D:8      | Reached skill level 10 in Long Blades
  7547 | D:8      | Gained mutation: When seriously injured, your bleeding wounds create thick armour. (AC +9) [demonic ancestry]
  7547 | D:8      | Reached XP level 10. HP: 56/76 MP: 10/10
  7904 | D:9      | Reached skill level 11 in Long Blades
  8021 | D:8      | Reached ***** piety under Makhleb
  8065 | D:8      | Gained mutation: Your magical capacity is low. (-10% MP) [mutagenic meat]
  8066 | D:8      | Gained mutation: You expend magic power (3 MP) to strengthen your wands. [mutagenic meat]
  8077 | D:8      | Lost mutation: You are resistant to electric shocks. (rElec) [potion of cure mutation]
  8077 | D:8      | Lost mutation: Your magical capacity is low. (-10% MP) [potion of cure mutation]
  8077 | D:8      | Lost mutation: You are clumsy. (Dex -2) [potion of cure mutation]
  8097 | D:8      | Noticed Gastronok
  8197 | D:8      | Slain by Gastronok

Skill      XL: |  1  2  3  4  5  6  7  8  9 10 |
---------------+-------------------------------+-----
Long Blades    | 2 3 4 5 7 8 10 11 | 11.3
Armour         | 3 4 5 6 |  6.2
Dodging        | 1 2 3 |  3.6
Fighting       | 4 5 6 |  6.8
Stealth        | 1 |  1.8
Throwing       | |  0.3
Shields        | |  2.6

Action                   |  1- 3 |  4- 6 |  7- 9 | 10-12 || total
-------------------------+-------+-------+-------+-------++-------
Melee: Long sword        |   157 |   195 |   579 |   187 ||  1118
       Kick              |       |    13 |   126 |       ||   139
Throw: Tomahawk          |       |     6 |     4 |     7 ||    17
Evoke: Wand              |       |       |       |     1 ||     1
  Use: Scroll            |     7 |     5 |    11 |       ||    23
       Potion            |     3 |     2 |     2 |     5 ||    12
 Stab: Distracted        |       |       |     4 |     3 ||     7
  Eat: Chunk             |     2 |     7 |    14 |     8 ||    31
Armor: Scale mail        |    77 |    82 |   315 |    69 ||   543
Dodge: Dodged            |    87 |   101 |   348 |    87 ||   623
       Rpst.: Long sword |    26 |    35 |   103 |    27 ||   191
